Map: Frozen Temple

Players

SortOf

  • Race: Zerg Zerg
  • League: Master

Kelazhur - Winner!

  • Race: Terran Terran
  • League: Master

VOD

Have the link to the VOD?

Description

Time

  • Played on: Nov. 25, 2016, 3:23 p.m.
  • Length: 9:31
Show
View Real Time Build Order
Export as new Build Order

SortOf Zerg 

Build Orders: Hatch First 

Get SALT Encoding   

  12  0:01  Drone  
  13  0:13  Overlord  
  13  0:18  Drone  
  14  0:31  Drone x2  
  16  0:37  Drone  
  17  0:52  Hatchery  
  17  0:55  Drone  
  17  0:58  Drone  
  18  1:09  Extractor  
  17  1:14  Spawning Pool  
  17  1:16  Drone  
  17  1:20  Drone  
  18  1:29  Drone  
  19  1:39  Overlord  
  19  1:50  Drone  
  20  2:02  Queen  
  20  2:04  Queen  
  20  2:06  Zergling x2, Roach Warren  
  24  2:11  Zergling x2  
  24  2:12  Zergling x2  
  26  2:21  Drone  
  27  2:25  Overlord  
  27  2:26  Drone  
  28  2:37  Queen  
  28  2:42  Overlord  
  30  2:54  Roach x2  
  34  3:01  Roach x2  
  38  3:09  Drone  
  38  3:10  Roach  
  40  3:19  Overlord  
  40  3:21  Drone  
  40  3:23  Drone  
  40  3:26  Ravager x2  
  44  3:34  Drone x2  
  44  3:41  Queen  
  44  3:43  Drone  
  44  3:47  Ravager  
  48  3:51  Drone x2  
  50  3:59  Roach  
  50  4:00  Overlord  
  50  4:01  Drone  
  53  4:04  Extractor  
  53  4:05  Drone  
  53  4:13  Drone  
  54  4:18  Roach x2  
  54  4:19  Overlord  
  54  4:22  Drone  
  59  4:29  Drone x2  
  59  4:30  Drone x2  
  63  4:32  Drone  
  63  4:36  Roach  
  66  4:39  Drone  
  66  4:45  Ravager, Extractor  
  67  4:56  Drone x2  
  67  4:57  Drone x3  
  67  4:58  Drone x2  
  69  5:00  Ravager  
  69  5:01  Drone  
  69  5:06  Evolution Chamber  
  70  5:08  Drone  
  71  5:15  Overlord  
  71  5:17  Overlord  
  71  5:18  Lair  
  71  5:20  Overlord  
  71  5:22  Overlord  
  71  5:38  Overlord  
  71  5:41  Roach x6  
  83  5:45  Drone x2  
  85  5:52  Zerg Ground Armor Level 1  
  85  5:53  Drone  
  86  6:04  Drone x2  
  88  6:09  Drone, Extractor  
  88  6:10  Hatchery  
  87  6:16  Drone  
  87  6:17  Drone  
  89  6:19  Drone x2  
  89  6:20  Glial Reconstitution  
  89  6:25  Roach x2  
  95  6:26  Infestation Pit  
  95  6:28  Hatchery, Overlord  
  93  6:35  Spore Crawler  
  93  6:38  Drone x2  
  93  6:39  Metabolic Boost  
  94  6:43  Drone x2  
  94  6:45  Overlord  
  94  6:46  Roach  
  98  6:53  Roach x3  
  104  6:58  Drone  
  104  7:00  Drone x2  
  107  7:05  Hive  
  107  7:10  Drone  
  107  7:11  Queen  
  110  7:16  Extractor, Drone  
  110  7:19  Roach x2  
  114  7:23  Infestor  
  114  7:24  Evolution Chamber  
  114  7:26  Overlord  
  115  7:31  Drone x2  
  115  7:32  Drone x2  
  119  7:39  Infestor  
  121  7:45  Infestor  
  121  7:46  Overlord, Extractor  
  121  7:50  Zergling x4, Roach  
  126  7:58  Spore Crawler  
  125  7:59  Drone x2  
  125  8:05  Zergling x6  
  130  8:06  Zergling x2  
  130  8:13  Zergling x10  
  135  8:22  Infestor  
  137  8:27  Zergling x10  
  137  8:32  Drone x2  
  143  8:39  Overlord  
  142  8:41  Overlord  
  142  8:44  Hatchery  
  140  8:54  Roach x7  
  123  8:57  Roach  
  123  9:02  Roach x3  
  124  9:03  Ravager  
  124  9:04  Ravager  
  124  9:06  Zergling x4  
  124  9:09  Roach  
Show
View Real Time Build Order
Export as new Build Order

Kelazhur Terran - Winner!

Build Orders: MMM Bio 

Get SALT Encoding   

  12  0:00  SCV  
  13  0:12  SCV  
  14  0:17  Supply Depot  
  14  0:25  SCV  
  15  0:39  SCV  
  15  0:40  Barracks  
  16  0:43  Refinery  
  16  0:51  SCV  
  17  0:58  Barracks  
  17  1:04  SCV  
  18  1:16  SCV  
  19  1:27  Reaper  
  19  1:28  Orbital Command  
  20  1:34  Barracks  
  20  1:42  Refinery  
  20  1:45  Reaper  
  21  1:51  Supply Depot  
  21  1:55  SCV  
  22  2:02  Reaper  
  23  2:13  SCV  
  24  2:18  Supply Depot, Reaper  
  25  2:24  Reaper  
  25  2:25  SCV  
  27  2:34  Reaper  
  28  2:37  SCV  
  29  2:49  SCV  
  29  2:50  Reaper  
  31  2:56  Reaper  
  32  3:00  Command Center  
  32  3:06  Reaper, SCV  
  34  3:18  SCV  
  35  3:24  Reaper  
  36  3:28  Supply Depot, Reaper  
  37  3:34  SCV  
  38  3:42  Reaper  
  39  3:50  SCV  
  39  3:52  Factory  
  40  3:59  Barracks Tech Lab  
  40  4:00  Command Center  
  40  4:03  SCV  
  40  4:07  Barracks Reactor  
  41  4:14  Orbital Command  
  41  4:15  SCV  
  42  4:20  Stimpack  
  42  4:30  Barracks Reactor, Marine  
  42  4:31  SCV  
  44  4:40  SCV  
  44  4:42  Marine  
  44  4:43  Marine, SCV  
  48  4:48  Marine  
  48  4:52  SCV  
  50  4:56  SCV  
  50  5:00  Factory Reactor, Starport  
  50  5:01  Marine  
  50  5:02  Marine  
  50  5:04  SCV  
  50  5:06  Supply Depot  
  53  5:07  Marine x2  
  53  5:08  SCV  
  45  5:14  Orbital Command  
  56  5:16  SCV  
  56  5:17  Marine  
  56  5:20  SCV  
  59  5:24  Marine x2  
  62  5:28  SCV  
  62  5:29  Supply Depot  
  62  5:32  SCV  
  63  5:39  Marine x2  
  63  5:40  Marauder, SCV x2  
  69  5:44  SCV  
  69  5:45  Engineering Bay  
  69  5:46  Engineering Bay  
  69  5:47  Medivac x2  
  69  5:49  Marine x2  
  76  5:52  SCV  
  76  5:53  Supply Depot  
  77  5:58  Refinery  
  77  5:59  Refinery, SCV  
  77  6:00  Marine x2  
  77  6:01  Orbital Command  
  77  6:03  Marauder  
  82  6:17  Marine x2, SCV x2  
  86  6:18  Factory Tech Lab  
  86  6:24  Marauder  
  88  6:26  Supply Depot  
  88  6:27  Barracks, Terran Infantry Weapons Level 1  
  88  6:28  Supply Depot  
  88  6:29  Barracks  
  88  6:30  Terran Infantry Armor Level 1  
  88  6:31  SCV  
  89  6:33  SCV  
  89  6:35  Combat Shields  
  89  6:37  Marine x2  
  92  6:40  Marine  
  92  6:41  SCV  
  92  6:43  SCV  
  95  6:53  SCV  
  96  6:54  Marine  
  96  6:56  SCV  
  96  6:58  Marine x2  
  96  6:59  Marine  
  96  7:00  Siege Tank, Supply Depot  
  106  7:01  Marauder  
  106  7:03  SCV  
  106  7:05  SCV  
  108  7:11  SCV  
  108  7:12  Missile Turret  
  108  7:15  SCV  
  110  7:17  Barracks Reactor x2  
  110  7:20  Medivac, Armory  
  110  7:21  SCV  
  113  7:24  SCV  
  113  7:25  Refinery  
  113  7:28  Supply Depot  
  113  7:29  Supply Depot  
  114  7:31  Marine x3  
  114  7:32  Marauder, SCV  
  114  7:33  SCV  
  114  7:36  Siege Tank  
  124  7:42  SCV  
  125  7:49  Marine  
  125  7:50  Medivac, SCV x2  
  130  7:51  Supply Depot  
  130  7:54  SCV  
  130  7:57  Medivac  
  133  8:02  Supply Depot, Marine  
  133  8:03  Concussive Shells, Marauder, Marine x5  
  141  8:10  Marine  
  141  8:12  Marine  
  141  8:13  Siege Tank  
  145  8:20  Marine x3  
  145  8:21  Command Center, Supply Depot, Marine  
  145  8:24  Marauder  
  145  8:25  Supply Depot  
  151  8:27  Medivac x2  
  155  8:35  Marine  
  155  8:46  Marauder  
  157  8:52  Marine  
  157  8:53  Siege Tank  
  157  8:55  Marine  
  140  8:57  Medivac, Marine x4  
  140  8:58  Marine x2  
  145  9:07  Marauder  
  144  9:10  Marine  
  144  9:13  Barracks, Marine  
  144  9:15  Barracks x2  
Tags
 
Composition
MMM Bio
Matchup
TvZ
Replay Pack
EmSC2Tv
Add a new tag
Caveats
  • Supply blocks, unpowered buildings, or Contaminate may cause inaccurate times.
  • Supply counts are checked every 10 seconds.